AoeStats
← 国贵陈厚

Arena

509652689Analyzed
1v1 RM · 6d ago on Sep 27, 2026· 60m 35s· 2 players
Game mode
Random Map
Map size
Tiny (2 player)
Population
200
Speed
Normal
Resources
Standard
Victory
Conquest
Starting age
Dark Age
Ending age
Imperial Age
RankedLock teamsTeams togetherTeam positionsShared explorationLock speedFull tech treeHidden civsTurbo modeCheats
Victory
Defeat
🇨🇳 Mongols · China
952
+17
🇹🇼 Poles · Taiwan
977
-17
国贵陈厚
9:57 Feudal Age
10:37 Double-Bit Axe
12:26 Horse Collar
17:14 Castle Age
15:27 Stone Mining
16:35 Gold Mining
17:01 Loom
18:23 Bow Saw
18:17 Heavy Plow
19:22 Wheelbarrow
25:05 Hand Cart
26:08 Husbandry
26:19 Bloodlines
32:47 Imperial Age
30:48 Ballistics
31:31 Padded Archer Armor
31:21 Fletching
32:17 Scale Barding Armor
32:28 Leather Archer Armor
32:43 Masonry
33:43 Gold Shaft Mining
33:45 Stone Shaft Mining
33:24 Forging
33:19 Town Watch
34:24 Conscription
35:26 Chemistry
34:33 Cavalier
36:03 Bodkin Arrow
37:26 Bracer
38:02 Iron Casting
45:24 Light Cavalry
46:29 Chain Barding Armor
47:09 Blast Furnace
46:08 Hussar
46:49 Elite Mangudai
ike790324
10:07 Feudal Age
15:07 Castle Age
13:49 Double-Bit Axe
15:26 Light Cavalry
16:36 Bow Saw
20:10 Horse Collar
23:21 Husbandry
23:47 Fervor
25:20 Bloodlines
25:57 Wheelbarrow
25:26 Heavy Plow
26:51 Elite Skirmisher
27:37 Fletching
27:48 Padded Archer Armor
27:42 Town Watch
28:25 Bodkin Arrow
30:20 Leather Archer Armor
30:11 Scale Barding Armor
34:00 Imperial Age
33:00 Forging
33:40 Gold Mining
33:41 Stone Mining
34:15 Chain Barding Armor
34:11 Winged Hussar
35:27 Conscription
36:17 Ballistics
37:01 Chemistry
36:51 Iron Casting
36:39 Ballistics
39:46 Bracer
42:11 Blast Furnace
41:38 Thumb Ring
43:56 Crop Rotation
44:25 Pikeman
45:07 Squires
45:23 Szlachta Privileges
47:27 Siege Engineers
46:43 Cavalier
47:36 Scale Mail Armor
47:54 Masonry
50:17 Chain Mail Armor
50:23 Hand Cart
Connection lost

Rejoining the realm…

Still unreachable

The connection could not be restored.

Session expired

The server has moved on; the page needs a fresh start.